 Dungeon Crawl Stone Soup version 0.27-a0-668-gb5737ff2c0 (webtiles) character file.

Game seed: 31563050297507309

53 theanonym the Cudgeller (level 3, -7/29 HPs)
             Began as a Demonspawn Chaos Knight on Mar 17, 2021.
             Was a Plaything of Xom.
             Mangled by a fire crab (shapeshifter) (15 damage)
             ... on level 2 of the Dungeon.
             The game lasted 00:02:10 (1699 turns).

theanonym the Cudgeller (Demonspawn Chaos Knight)   Turns: 1699, Time: 00:02:10

Health: -7/29      AC:  6    Str: 13    XL:     3   Next: 64%
Magic:  3/3        EV: 10    Int: 13    God:    Xom [..*...]
Gold:   55         SH:  0    Dex: 12    Spells: 2/2 levels left

rFire    . . .     SeeInvis .   a - +0 mace (chaos)
rCold    . . .     Faith    .   (no shield)
rNeg     . . .     Spirit   .   f - +0 ring mail
rPois    +         Reflect  .   (no helmet)
rElec    .         Harm     .   (no cloak)
rCorr    .         Rampage  .   (no gloves)
Will     .....                  (no boots)
Stlth    +.........             (no amulet)
HPRegen  0.09/turn              g - ring of poison resistance
MPRegen  0.16/turn              (no ring)

@: no status effects
A: magic regeneration, sharp scales 1
a: Renounce Religion


Innate Abilities, Weirdness & Mutations

You regenerate magic rapidly.
You are partially covered in razor-sharp scales. (AC +1, Slay +1)


   Skills:
 - Level 3.0 Fighting
 + Level 4.2 Maces & Flails
 - Level 1.7 Armour
 - Level 0.8 Dodging


You had 2 spell levels left.
You didn't know any spells.
Your spell library was empty.

Skill      XL: |  1  2  3 |
---------------+----------+-----
Maces & Flails | 3 4 |  4.2
Fighting       | |  3.0
Armour         | |  1.7
Dodging        | |  0.8

Action                   || total
-------------------------++-------
Melee: Mace              ||   138
  Use: Scroll            ||     3
 Stab: Confused          ||     1
       Sleeping          ||     1
       Petrifying        ||     1
Armor: Leather armour    ||    15
       Ring mail         ||    49
Dodge: Dodged            ||    87

Inventory:

Hand Weapons
 a - a +0 mace of chaos (weapon)
Armour
 b - a +2 leather armour
 f - a +0 ring mail (worn)
Jewellery
 g - a ring of poison resistance (right hand)
Scrolls
 c - 2 scrolls of amnesia
 r - a scroll of identify
 t - a scroll of teleportation
Potions
 d - a potion of heal wounds {unknown}
 e - a potion of brilliance {unknown}


You were on level 2 of the Dungeon.
You worshipped Xom.
You were a toy of Xom.
You visited 1 branch of the dungeon, and saw 2 of its levels.

You collected 55 gold pieces.

Dungeon Overview and Level Annotations

Branches:
Dungeon (2/15)

Altars:

### ... #.# #......
#.# #.....$ #.#
#.....$ #.# #......
#.# ..... #@# ####
...###t# #..#
#)#.#B#####..#
#........#...######
#......†...........
##...###...........
#...# #..########.
...... #..# #
.##...#.#†.# .#


You could see a fire crab shaped shifter (berserk) and a giant cockroach.

Notes
Turn   | Place    | Note
-------+----------+-------------------------------------------
     0 | D:1      | theanonym the Demonspawn Chaos Knight began the quest for
                  | the Orb.
     0 | D:1      | Reached XP level 1. HP: 18/18 MP: 1/1
    89 | D:1      | XOM: silly message
   154 | D:1      | XOM: divination: detect items
   212 | D:1      | XOM: silly message
   213 | D:1      | Reached skill level 3 in Maces & Flails
   427 | D:1      | Gained mutation: You are partially covered in razor-sharp
                  | scales. (AC +1, Slay +1) [demonic ancestry]
   427 | D:1      | Reached XP level 2. HP: 24/24 MP: 2/2
  1026 | D:1      | XOM: silly message
  1201 | D:1      | Gained mutation: You regenerate magic rapidly. [demonic
                  | ancestry]
  1201 | D:1      | Reached XP level 3. HP: 26/29 MP: 3/3
  1328 | D:2      | HP: 14/29 [jackal (3)]
  1343 | D:2      | Reached skill level 4 in Maces & Flails
  1344 | D:2      | HP: 12/29 [jackal (3)]
  1698 | D:2      | Noticed a shapeshifter
  1698 | D:2      | a giant cockroach changed into a shapeshifter
  1698 | D:2      | Noticed a fire crab
  1698 | D:2      | a shapeshifter changed into a fire crab
  1699 | D:2      | HP: 8/29 [fire crab (shapeshifter) (15)]
  1699 | D:2      | Mangled by a fire crab (shapeshifter)

Vanquished Creatures
  2 dart slugs
  A leopard gecko (D:1)
  9 giant cockroaches
  2 goblins (D:1)
  8 hobgoblins
  4 jackals
  5 kobolds
  A quokka (D:2)
  3 bats (D:1)
  6 frilled lizards
  A rat (D:1)
42 creatures vanquished.

Table legend: (Time is in decaauts)
 A = Elapsed time spent in this place.
 B = Non-inter-level travel time spent in this place.
 C = Inter-level travel time spent in this place.
 D = Time resting spent in this place.
 E = Time spent auto-exploring this place.
 F = Levels seen in this place.
 G = Mean time per level.
                   A        B        C        D        E       F      G
               +--------+--------+--------+--------+--------+-----+--------+
         Total |   1727 |   1708 |     19 |    458 |    958 |   2 |  863.5 |
       Dungeon |   1727 |   1708 |     19 |    458 |    958 |   2 |  863.5 |
               +--------+--------+--------+--------+--------+-----+--------+

Top non-repeatable levels by time:
     D:1: 1319 daAuts
     D:2: 408 daAuts
